[Event "Titled Tuesday Blitz March 14 Late 2023"]
[White "Crevatin, Leo"]
[Black "Rios Escobar, Adan"]
[WhiteFideId "1726307"]
[BlackFideId "3403645"]
[WhiteElo "2190"]
[BlackElo "2380"]
[Result "1-0"]
[Round "04"]
[TimeControl "180+1"]
[Date "2023.03.14"]
[WhiteClock "0:00:41"]
[BlackClock "0:00:22"]

1. e4 c5 2. Nf3 d6 3. d4 cxd4 4. Nxd4 Nf6 5. Nc3 a6 6. Bc4 e6 7. Bb3 b5 8. Be3 Be7 9. f3 O-O 10. Qd2 Nbd7 11. O-O-O Nc5 12. g4 Nxb3+ 13. axb3 b4 14. Na4 a5 15. g5 Nh5 16. Nc6 Qe8 17. Nxe7+ Qxe7 18. Nb6 Ra6 19. Qxd6 Qb7 20. Bc5 Re8 21. Qd8 Qc6 22. Rd6 Qb5 23. Nxc8 h6 24. Qc7 Ra8 25. Nb6 Rab8 26. gxh6 Nf6 27. Rg1 g6 28. Rxg6+ Kf8 29. Kb1 a4 30. bxa4 b3 31. axb5 Rbd8 32. Rxf6 Rxd6 33. Bxd6+ Kg8 34. cxb3 e5 35. Qd7 Kh7 36. Rxf7+ Kxh6 37. Nc4 Rg8 38. b6 Kh5 39. b7 Kh6 40. Rf8 Rg1+ 41. Ka2 Rg2 42. b8=N Re2 43. b4 Rxh2 44. b5 Rc2 45. Na3 Rc1 46. b6 Rc4 47. Nxc4 Kg6 48. Qg4+ Kh6 49. b7 Kh7 50. Nc6 Kh6 51. b8=N Kh7 52. b4 Kh6 53. b5 Kh7 54. b6 Kh6 55. b7 Kh7 56. Na6 Kh6 57. b8=N Kh7 58. N4xe5 Kh6 59. Nc4 Kh7 60. e5 Kh6 61. e6 Kh7 62. e7 Kh6 63. e8=N Kh7 64. f4 Kh6 65. f5 Kh7 66. f6 Kh6 67. f7 Kh7 68. Rg8 Kh6 69. Bf4+ Kh7 70. f8=N# 1-0


[Site "https://www.chess.com"]

[Event "Titled Tuesday Blitz March 14 Late 2023"]
[White "Cuenca Jimenez, Jose Fernando"]
[Black "Bochnicka, Vladimir"]
[WhiteFideId "2255570"]
[BlackFideId "14943450"]
[WhiteElo "2429"]
[BlackElo "2094"]
[Result "1-0"]
[Round "04"]
[TimeControl "180+1"]
[Date "2023.03.14"]
[WhiteClock "0:01:06"]
[BlackClock "0:01:08"]

1. c4 c5 2. Nf3 Nc6 3. d4 cxd4 4. Nxd4 e6 5. Nc3 Nf6 6. a3 Be7 7. e4 O-O 8. Nf3 d6 9. Be2 a6 10. O-O Qc7 11. Bf4 Rd8 12. Rc1 Bd7 13. b4 Rac8 14. h3 Ne5 15. Nd2 Ng6 16. Be3 Qb8 17. Qb3 Re8 18. a4 Bd8 19. Rfd1 Bc7 20. Nf3 Bc6 21. Bd3 Red8 22. b5 d5 23. bxc6 bxc6 24. Qxb8 Bxb8 25. cxd5 cxd5 26. exd5 exd5 27. Bxa6 Rc6 28. Bb5 Rcd6 29. Bc5 Re6 30. Nd4 1-0


[Site "https://www.chess.com"]

[Event "Titled Tuesday Blitz March 14 Late 2023"]
[White "Dahl, Trygve"]
[Black "Fiorito, Francisco"]
[WhiteFideId "1513427"]
[BlackFideId "180165"]
[WhiteElo "2125"]
[BlackElo "2341"]
[Result "0-1"]
[Round "04"]
[TimeControl "180+1"]
[Date "2023.03.14"]
[WhiteClock "0:00:08"]
[BlackClock "0:00:17"]

1. c4 c5 2. Nc3 g6 3. e4 Nc6 4. g3 Bg7 5. Bg2 d6 6. Nge2 e6 7. O-O Nge7 8. d3 O-O 9. Be3 Nd4 10. Qd2 Nec6 11. Rab1 a6 12. a3 Rb8 13. b4 cxb4 14. axb4 b5 15. cxb5 axb5 16. Bh6 Qf6 17. Bxg7 Kxg7 18. f4 Bb7 19. f5 Rfc8 20. fxe6 Qxe6 21. Nf4 Qe5 22. Nfd5 Ne7 23. Nxe7 Rxc3 24. Nd5 Bxd5 25. exd5 Rc2 26. Qe1 Re8 27. Qxe5+ Rxe5 28. Rf2 Rxf2 29. Kxf2 Re2+ 30. Kf1 Rd2 31. Ra1 Rxd3 32. Ra6 Nf5 33. Rb6 Ne3+ 34. Kf2 Nxg2 35. Kxg2 Rxd5 36. Kf3 Kf6 37. Ke4 Ke6 38. Rb7 h6 39. Rb8 f5+ 40. Ke3 Kf6 41. Rh8 h5 42. Rb8 Kg5 43. Rg8 Rd1 44. h4+ Kf6 45. Rb8 Rd5 46. Rb7 Re5+ 47. Kf3 Ke6 48. Rb8 Kd7 49. Rg8 Re6 50. Rb8 Kc6 51. Rc8+ Kd5 52. Kf4 Re4+ 53. Kf3 Rxb4 54. Rg8 Rg4 55. Rb8 b4 56. Rb6 Kc5 57. Rb8 d5 58. Rc8+ Kd4 59. Rc7 Kd3 60. Rb7 d4 61. Rb6 Kc3 62. Rc6+ Kd2 63. Rb6 d3 64. Rc6 Kd1 65. Ra6 d2 66. Ke3 Rxg3+ 67. Kf2 Rc3 68. Rxg6 Kc2 0-1


[Site "https://www.chess.com"]

[Event "Titled Tuesday Blitz March 14 Late 2023"]
[White "Davidson, Kevin"]
[Black "Aldokhin, Ivan"]
[WhiteFideId "2056810"]
[BlackFideId "24115720"]
[WhiteElo "2151"]
[BlackElo "2322"]
[Result "0-1"]
[Round "04"]
[TimeControl "180+1"]
[Date "2023.03.14"]
[WhiteClock "0:00:01"]
[BlackClock "0:00:16"]

1. e4 c5 2. Nf3 e6 3. d4 cxd4 4. Nxd4 a6 5. Nc3 Qc7 6. g3 Nf6 7. Bg2 d6 8. O-O Be7 9. f4 O-O 10. g4 Nc6 11. Nb3 Re8 12. g5 Nd7 13. Rf3 b5 14. a3 Bb7 15. Rh3 g6 16. Bd2 Nb6 17. Qg4 Nc4 18. Bc1 Qb6+ 19. Kh1 Qf2 20. Qe2 Qxe2 21. Nxe2 Rac8 22. Rd3 a5 23. Nd2 e5 24. Nxc4 bxc4 25. Rc3 Nd4 26. Nxd4 exd4 27. Rg3 Bf8 28. Bd2 Bxe4 29. Bxe4 Rxe4 30. Bxa5 Re2 31. Rg2 Rce8 32. Rag1 d5 33. Rxe2 Rxe2 34. Rg2 Re4 35. Bd2 Bd6 36. Rf2 Bc5 37. Kg2 d3 38. cxd3 cxd3 39. b4 Bxf2 40. Kxf2 Re2+ 0-1


[Site "https://www.chess.com"]

[Event "Titled Tuesday Blitz March 14 Late 2023"]
[White "Delgado Rosas, Fatima Alexandra"]
[Black "Cramling Bellon, Anna"]
[WhiteFideId "6603963"]
[BlackFideId "32009232"]
[WhiteElo "2325"]
[BlackElo "1972"]
[Result "1/2-1/2"]
[Round "04"]
[TimeControl "180+1"]
[Date "2023.03.14"]
[WhiteClock "0:01:01"]
[BlackClock "0:00:06"]

1. d4 Nf6 2. c4 e6 3. Nc3 d5 4. Bg5 c6 5. e3 Be7 6. cxd5 exd5 7. Bd3 h6 8. Bh4 Bg4 9. Qc2 Nbd7 10. h3 Be6 11. Nge2 Rc8 12. O-O Bd6 13. Rae1 O-O 14. f3 Qc7 15. e4 dxe4 16. fxe4 Nh5 17. e5 Bb4 18. g4 Nxe5 19. dxe5 Qxe5 20. Nf4 Qd4+ 21. Qf2 Qxf2+ 22. Rxf2 Nxf4 23. Rxf4 Bxc3 24. bxc3 g5 25. Rf6 gxh4 26. Re5 Kg7 27. g5 hxg5 28. Rf1 Rg8 29. Kh2 Bd5 30. Rxg5+ Kf8 31. Rg4 Rxg4 32. hxg4 Re8 33. c4 Be6 34. Kh3 Rd8 35. Rf3 Rd4 36. Bf5 Bxf5 37. gxf5 Rxc4 38. f6 Ke8 39. Re3+ Kd8 40. Re7 Rf4 41. Rxf7 Ke8 42. Re7+ Kf8 43. Rxb7 Rxf6 44. Rxa7 c5 45. Rc7 Rf5 46. Kxh4 Rd5 47. Kg4 Rd4+ 48. Kf5 Ra4 49. Kf6 Ke8 50. Ke6 Kd8 51. Rxc5 Rxa2 52. Kd6 Ra6+ 53. Kd5 Kd7 54. Rc1 Ra5+ 55. Kc4 Kd6 56. Kb4 Rh5 57. Rc4 Re5 58. Rg4 Ke6 59. Rg6+ Kf5 60. Rg8 Re4+ 61. Kc5 Re5+ 62. Kd6 Re6+ 63. Kd7 Re1 64. Rf8+ Kg4 65. Rg8+ Kf3 66. Kd6 Rd1+ 67. Ke5 Re1+ 68. Kf5 Ra1 1/2-1/2


[Site "https://www.chess.com"]

[Event "Titled Tuesday Blitz March 14 Late 2023"]
[White "Deviprasath, Sharvesh"]
[Black "Kraus, Tomas"]
[WhiteFideId "30938228"]
[BlackFideId "331708"]
[WhiteElo "2168"]
[BlackElo "2389"]
[Result "1-0"]
[Round "04"]
[TimeControl "180+1"]
[Date "2023.03.14"]
[WhiteClock "0:00:48"]
[BlackClock "0:00:04"]

1. Nf3 d5 2. c4 d4 3. d3 c5 4. b4 cxb4 5. a3 b3 6. Qxb3 Nc6 7. g3 e5 8. Bg2 Nf6 9. O-O Be7 10. e3 O-O 11. exd4 exd4 12. Re1 Re8 13. Nbd2 Na5 14. Qc2 Bf5 15. Bb2 Nc6 16. Ne5 Nxe5 17. Rxe5 Bg6 18. Rae1 Nd7 19. Rd5 Qc7 20. Nb3 Nc5 21. Rxe7 Qxe7 22. Nxc5 Qe1+ 23. Bf1 b6 24. Nb3 Rac8 25. Nxd4 Re7 26. Qc3 f6 27. Qxe1 Rxe1 28. Kg2 Rce8 29. Rd7 a5 30. h4 h5 31. Rd6 Rd1 32. Rxb6 Ree1 33. Be2 Rg1+ 34. Kf3 Rb1 35. c5 1-0


[Site "https://www.chess.com"]

[Event "Titled Tuesday Blitz March 14 Late 2023"]
[White "Di Nicolantonio, Lucas"]
[Black "Chigaev, Maksim"]
[WhiteFideId "680460"]
[BlackFideId "4108116"]
[WhiteElo "2358"]
[BlackElo "2547"]
[Result "0-1"]
[Round "04"]
[TimeControl "180+1"]
[Date "2023.03.14"]
[WhiteClock "0:00:52"]
[BlackClock "0:01:16"]

1. Nf3 Nf6 2. c4 e6 3. Nc3 d5 4. e3 c6 5. b3 a6 6. Bb2 b5 7. d4 Nbd7 8. Bd3 Be7 9. O-O O-O 10. e4 b4 11. e5 bxc3 12. exf6 cxb2 13. fxe7 Qxe7 14. Rb1 Bb7 15. Rxb2 c5 16. Re1 cxd4 17. Nxd4 Qf6 18. cxd5 Bxd5 19. Rd2 Nc5 20. Bb1 g6 21. b4 Nd7 22. a4 Nb6 23. Ba2 Bxa2 24. Rxa2 Rad8 25. Rd2 Nc4 26. Rd3 Nb2 27. Qf3 Qxf3 0-1


[Site "https://www.chess.com"]

[Event "Titled Tuesday Blitz March 14 Late 2023"]
[White "Doknjas, Neil"]
[Black "Filgueiras, Nathan Felipe"]
[WhiteFideId "2617587"]
[BlackFideId "2188562"]
[WhiteElo "2152"]
[BlackElo "2241"]
[Result "1/2-1/2"]
[Round "04"]
[TimeControl "180+1"]
[Date "2023.03.14"]
[WhiteClock "0:00:06"]
[BlackClock "0:02:00"]

1. e4 c5 2. Nf3 d6 3. d4 cxd4 4. Nxd4 Nf6 5. Nc3 a6 6. Be3 Ng4 7. Bc1 Nf6 8. f3 e5 9. Nb3 Be6 10. Be3 Be7 11. Qd2 Nbd7 12. g4 b5 13. a4 b4 14. Nd5 Bxd5 15. exd5 Nb6 16. a5 Nbxd5 17. g5 Nxe3 18. gxf6 Nxf1 19. fxe7 Nxd2 20. exd8=Q+ Kxd8 21. Nxd2 Kd7 22. Nc4 Kc6 23. Nb6 Rad8 24. Kf2 d5 25. Rhe1 f6 26. c3 bxc3 27. bxc3 d4 28. cxd4 Rxd4 29. Rec1+ Kb7 30. Rab1 Rhd8 31. Nd5+ Ka8 32. Nc7+ Ka7 33. Rc6 R4d6 34. Rcb6 Rxb6 35. Rxb6 Rd2+ 36. Kg3 Ra2 37. Ne8 Rxa5 38. Rb1 Ra3 39. Nxg7 e4 40. Rf1 Rxf3+ 41. Rxf3 exf3 42. Kxf3 Kb6 43. Nh5 f5 44. Ng3 a5 45. Nxf5 a4 46. Nd4 a3 47. Nc2 a2 48. Ke4 Kb5 49. Kd4 Ka4 50. h4 h5 51. Kc4 Ka5 52. Kb3 Kb5 53. Kxa2 Kc4 54. Ne3+ Kd4 55. Nf5+ Ke4 56. Ne7 Kf4 57. Ng6+ Kf5 58. Ne7+ Kg4 59. Ng6 Kf5 60. Ne7+ Kg4 61. Ng6 Kf5 1/2-1/2


[Site "https://www.chess.com"]

[Event "Titled Tuesday Blitz March 14 Late 2023"]
[White "Duda, Jan-Krzysztof"]
[Black "Kravtsiv, Martyn"]
[WhiteFideId "1170546"]
[BlackFideId "14113147"]
[WhiteElo "2790"]
[BlackElo "2695"]
[Result "1-0"]
[Round "04"]
[TimeControl "180+1"]
[Date "2023.03.14"]
[WhiteClock "0:00:05"]
[BlackClock "0:00:01"]

1. e4 e5 2. Nf3 Nc6 3. Bb5 a6 4. Ba4 Nf6 5. O-O Be7 6. d3 b5 7. Bb3 O-O 8. a4 b4 9. a5 d6 10. h3 Rb8 11. Nbd2 Be6 12. Bxe6 fxe6 13. Nb3 Qe8 14. g3 Rb5 15. Kg2 Nd8 16. Be3 c5 17. Nbd2 Nc6 18. Nc4 Nd7 19. Bg5 d5 20. Bxe7 Qxe7 21. Ne3 Qd6 22. c4 bxc3 23. bxc3 Rxa5 24. Rxa5 Nxa5 25. Qa4 Nb7 26. Rb1 Nd8 27. Ra1 Nf6 28. Qxa6 Nc6 29. Rb1 Qc7 30. Rb7 Qc8 31. Qb6 dxe4 32. dxe4 Nd7 33. Qc7 Qxc7 34. Rxc7 Ndb8 35. Nc4 Rd8 36. Ng5 Re8 37. Nd6 Rd8 38. Nb7 Re8 39. Nxc5 Nd8 40. Rc8 Nbc6 41. Ngxe6 Kf7 42. Nxd8+ Nxd8 43. Kf3 h6 44. Ke3 Ke7 45. h4 1-0


[Site "https://www.chess.com"]

[Event "Titled Tuesday Blitz March 14 Late 2023"]
[White "Dzierzak, Radoslaw"]
[Black "Weetik, Vjacheslav"]
[WhiteFideId "1161407"]
[BlackFideId "4153472"]
[WhiteElo "2166"]
[BlackElo "2469"]
[Result "1-0"]
[Round "04"]
[TimeControl "180+1"]
[Date "2023.03.14"]
[WhiteClock "0:01:04"]
[BlackClock "0:00:05"]

1. e4 c6 2. Nf3 d5 3. Nc3 dxe4 4. Nxe4 Nf6 5. Qe2 Nxe4 6. Qxe4 Nd7 7. Bc4 Nf6 8. Ne5 e6 9. Qe2 b5 10. Bb3 Qc7 11. d4 Bd6 12. Bf4 O-O 13. O-O a5 14. c3 Nd5 15. Bg3 a4 16. Bc2 a3 17. b3 c5 18. c4 bxc4 19. bxc4 Nb4 20. Be4 Bb7 21. dxc5 Bxc5 22. Ng6 Qb6 23. Nxf8 Rxf8 24. Rab1 Bxe4 25. Qxe4 Qa6 26. Qe2 f5 27. Be5 Rc8 28. Bc3 1-0


[Site "https://www.chess.com"]

[Event "Titled Tuesday Blitz March 14 Late 2023"]
[White "Erigaisi Arjun"]
[Black "Adewumi, Tanitoluwa"]
[WhiteFideId "35009192"]
[BlackFideId "30966396"]
[WhiteElo "2737"]
[BlackElo "2812"]
[Result "1-0"]
[Round "04"]
[TimeControl "180+1"]
[Date "2023.03.14"]
[WhiteClock "0:01:11"]
[BlackClock "0:00:02"]

1. c4 e5 2. d3 Nc6 3. Nf3 Nf6 4. a3 d6 5. Nc3 g6 6. g3 Bg7 7. Bg2 O-O 8. O-O Be6 9. e4 Nd4 10. Nxd4 exd4 11. Ne2 c5 12. h3 a6 13. f4 b5 14. f5 Bd7 15. b3 Rb8 16. g4 h6 17. g5 hxg5 18. Bxg5 Qe8 19. Qd2 Nh5 20. Bf3 Nf6 21. Nf4 Nh7 22. Nd5 f6 23. Bf4 Ng5 24. Bxg5 fxg5 25. Qxg5 gxf5 26. Bh5 Qe6 27. Ne7+ Kh8 28. Bg6 Be5 29. Qh6# 1-0


[Site "https://www.chess.com"]

[Event "Titled Tuesday Blitz March 14 Late 2023"]
[White "Escalona Landi, Samid Eduardo"]
[Black "Heinemann, Josefine"]
[WhiteFideId "3937437"]
[BlackFideId "12900460"]
[WhiteElo "2207"]
[BlackElo "2342"]
[Result "1-0"]
[Round "04"]
[TimeControl "180+1"]
[Date "2023.03.14"]
[WhiteClock "0:00:32"]
[BlackClock "0:00:01"]

1. Nf3 d5 2. c4 e6 3. b3 Nf6 4. Bb2 Be7 5. g3 O-O 6. Bg2 c5 7. O-O d4 8. e3 Nc6 9. exd4 cxd4 10. Re1 Re8 11. d3 Bb4 12. Nbd2 a5 13. a3 Bf8 14. Ne5 Nxe5 15. Rxe5 Bd6 16. Re1 e5 17. Qc2 Qc7 18. Rab1 Bf5 19. Bc1 Rac8 20. b4 axb4 21. axb4 b6 22. Qb3 h6 23. Ba3 Re6 24. b5 Bxa3 25. Qxa3 Rce8 26. Nf3 R6e7 27. Rbc1 Nd7 28. Nxd4 Bg6 29. Nc6 Re6 30. Bd5 Rf6 31. d4 Kh7 32. dxe5 Nxe5 33. f4 Nxc6 34. Rxe8 Nd4 35. Qf8 Bd3 36. Qh8+ Kg6 37. Rg8 Ne2+ 38. Kh1 1-0


[Site "https://www.chess.com"]

[Event "Titled Tuesday Blitz March 14 Late 2023"]
[White "Fedoseev, Vladimir"]
[Black "Shubin, Kirill"]
[WhiteFideId "24130737"]
[BlackFideId "34119962"]
[WhiteElo "2752"]
[BlackElo "2407"]
[Result "0-1"]
[Round "04"]
[TimeControl "180+1"]
[Date "2023.03.14"]
[WhiteClock "0:00:13"]
[BlackClock "0:01:10"]

1. e4 e6 2. Nc3 d5 3. Nf3 Nf6 4. d3 c5 5. g3 Nc6 6. Bg2 Be7 7. O-O O-O 8. Bf4 a6 9. h3 b5 10. exd5 exd5 11. d4 b4 12. Na4 c4 13. Ne5 Bb7 14. b3 c3 15. Re1 Ne4 16. Be3 Rc8 17. Nd3 Ba8 18. Ndc5 Nxc5 19. dxc5 d4 20. Bf4 g5 21. Bc1 d3 22. cxd3 Nd4 23. Nb6 Bxg2 24. Nxc8 Qxc8 25. Kxg2 Qc6+ 26. f3 c2 27. Qd2 Nxf3 28. Qe2 Nxe1+ 29. Kf2 Bxc5+ 30. Be3 Re8 0-1


[Site "https://www.chess.com"]

[Event "Titled Tuesday Blitz March 14 Late 2023"]
[White "Fernandez Garcia, Gumersindo"]
[Black "Smith, Garrett L"]
[WhiteFideId "24516740"]
[BlackFideId "2024829"]
[WhiteElo "2093"]
[BlackElo "2290"]
[Result "1-0"]
[Round "04"]
[TimeControl "180+1"]
[Date "2023.03.14"]
[WhiteClock "0:01:17"]
[BlackClock "0:00:58"]

1. d4 Nf6 2. c4 g6 3. Nc3 d5 4. Nf3 Bg7 5. Qb3 dxc4 6. Qxc4 O-O 7. e4 Be6 8. d5 Bc8 9. Bf4 c6 10. Rd1 cxd5 11. exd5 Ne8 12. Be2 Nd6 13. Qb3 Na6 14. O-O Bf5 15. Bxd6 Qxd6 16. Qxb7 Nc5 17. Qc6 Rab8 18. Qxd6 exd6 19. Nb5 Rfd8 20. b3 Ne4 21. Bc4 Bg4 22. Rfe1 Bxf3 23. gxf3 Ng5 24. Kg2 h5 25. f4 Nh7 26. Nxa7 Ra8 27. Nc6 Rd7 28. a4 Nf6 29. a5 Bh6 30. a6 Bxf4 31. b4 Ng4 32. b5 1-0


[Site "https://www.chess.com"]

[Event "Titled Tuesday Blitz March 14 Late 2023"]
[White "Fishbein, Alexander"]
[Black "Caruana, Fabiano"]
[WhiteFideId "2000377"]
[BlackFideId "2020009"]
[WhiteElo "2415"]
[BlackElo "2818"]
[Result "0-1"]
[Round "04"]
[TimeControl "180+1"]
[Date "2023.03.14"]
[WhiteClock "0:00:01"]
[BlackClock "0:00:03"]

1. e4 c6 2. d3 d5 3. Nd2 e5 4. Ngf3 Qc7 5. g3 Nf6 6. Bg2 Bd6 7. O-O O-O 8. d4 dxe4 9. dxe5 Bxe5 10. Nxe5 Qxe5 11. Nc4 Qd5 12. Nd6 Bg4 13. Qd2 Nbd7 14. c4 Qe6 15. Nxb7 Rab8 16. Nd6 Ne5 17. Nxe4 Nxe4 18. Bxe4 Qxc4 19. Qf4 Rfe8 20. b3 Qe2 21. Be3 Rb4 22. Bxh7+ Kxh7 23. Qxb4 Kg8 24. Qf4 Bh3 25. Rfc1 Nd3 26. Qh4 Be6 27. Rd1 Bd5 28. Rxd3 Qxd3 29. Qg4 g6 30. Rd1 Qc2 31. Re1 Re4 0-1


[Site "https://www.chess.com"]

[Event "Titled Tuesday Blitz March 14 Late 2023"]
[White "Fule, Simon"]
[Black "Melian, Juan Sebastian"]
[WhiteFideId "787515"]
[BlackFideId "3706575"]
[WhiteElo "2396"]
[BlackElo "2031"]
[Result "0-1"]
[Round "04"]
[TimeControl "180+1"]
[Date "2023.03.14"]
[WhiteClock "0:00:08"]
[BlackClock "0:00:07"]

1. e4 c5 2. Nf3 e6 3. d4 cxd4 4. Nxd4 a6 5. c4 Nf6 6. Nc3 Bb4 7. Qf3 Qc7 8. a3 Bxc3+ 9. Qxc3 O-O 10. f3 d6 11. Bg5 e5 12. Nc2 Be6 13. Bxf6 gxf6 14. Ne3 Nc6 15. Nd5 Qd8 16. Nb4 Rc8 17. Nxc6 Rxc6 18. Qb4 f5 19. exf5 Bxf5 20. Rd1 Be6 21. b3 Qc7 22. Bd3 f5 23. O-O Rb6 24. Qa5 Rc8 25. Bc2 Qc5+ 26. Qxc5 Rxc5 27. Rd2 Kf7 28. Rfd1 Ke7 29. Kf2 a5 30. g4 fxg4 31. fxg4 a4 32. bxa4 Rxc4 33. Bxh7 Rf4+ 34. Kg1 Rxg4+ 35. Rg2 Rxg2+ 36. Kxg2 Rb2+ 37. Kg3 Bd7 38. a5 Rb5 39. Rb1 Rxa5 40. Rxb7 Rxa3+ 41. Kf2 Kd8 42. Be4 Ra2+ 43. Kg3 Ra3+ 44. Kf2 Ra4 45. Kf3 Rxe4 46. Kxe4 Bc6+ 47. Kf5 Bxb7 48. h4 Ke7 49. h5 Ba6 50. h6 Bd3+ 51. Kg5 Bh7 52. Kg4 Ke6 53. Kg3 d5 0-1


[Site "https://www.chess.com"]

[Event "Titled Tuesday Blitz March 14 Late 2023"]
[White "Fus, Jakub"]
[Black "Quinones Garcia, Santiago"]
[WhiteFideId "1193023"]
[BlackFideId "4408497"]
[WhiteElo "2335"]
[BlackElo "2263"]
[Result "0-1"]
[Round "04"]
[TimeControl "180+1"]
[Date "2023.03.14"]
[WhiteClock "0:00:05"]
[BlackClock "0:00:19"]

1. e4 e5 2. Nf3 Nc6 3. Bb5 a6 4. Ba4 Nf6 5. d3 b5 6. Bb3 Be7 7. Nc3 O-O 8. O-O d6 9. a3 Na5 10. Ba2 c5 11. Bg5 Be6 12. Bxf6 Bxf6 13. b4 Nc6 14. Nd5 Bxd5 15. Bxd5 Rc8 16. c3 Qd7 17. Qd2 Ne7 18. Bb3 d5 19. exd5 Nxd5 20. Rac1 Rfd8 21. g3 Nb6 22. bxc5 Rxc5 23. Qe3 Rdc8 24. d4 exd4 25. cxd4 Rxc1 26. Rxc1 Rxc1+ 27. Qxc1 g6 28. Qc5 Qf5 29. Qxf5 gxf5 30. Kf1 Kf8 31. Ke2 Be7 32. Ne5 f6 33. Nc6 Bxa3 34. Be6 f4 35. Kd3 fxg3 36. hxg3 Bd6 37. g4 Bc7 38. d5 Nc4 39. Kd4 Bb6+ 40. Kc3 Bxf2 41. Bc8 a5 42. Ba6 Be1+ 43. Kd3 Nd6 44. Nd4 b4 45. Nb5 Nxb5 46. Bxb5 Ke7 47. Ba4 Kd6 48. Ke4 Bc3 49. Bb3 Kc5 50. Ba4 Be5 51. Bd1 Kc4 52. Be2+ Kc3 53. Kf5 b3 54. g5 b2 55. Bd3 Kxd3 56. gxf6 Bxf6 57. Kxf6 b1=Q 58. d6 Qb6 59. Ke7 Qxd6+ 60. Kxd6 a4 0-1


[Site "https://www.chess.com"]

[Event "Titled Tuesday Blitz March 14 Late 2023"]
[White "Galchenko, Matvey"]
[Black "Skytte, Rasmus"]
[WhiteFideId "24175480"]
[BlackFideId "1404210"]
[WhiteElo "2404"]
[BlackElo "2418"]
[Result "1/2-1/2"]
[Round "04"]
[TimeControl "180+1"]
[Date "2023.03.14"]
[WhiteClock "0:00:07"]
[BlackClock "0:00:07"]

1. f4 d6 2. Nf3 Bg4 3. e4 d5 4. exd5 Nf6 5. d4 Nxd5 6. c3 e6 7. Bd3 c5 8. Qa4+ Nc6 9. Ne5 Nb6 10. Nxc6 Nxa4 11. Nxd8 Kxd8 12. Bc2 Nb6 13. dxc5 Bxc5 14. Nd2 Nd5 15. Ne4 Be3 16. Nf2 Bf5 17. Bb3 Bxc1 18. Rxc1 Nxf4 19. Rd1+ Kc7 20. g3 Nh3 21. Nd3 Rad8 22. Bc2 Rd5 23. Rf1 Rhd8 24. Nb4 Rxd1+ 25. Bxd1 Ng5 26. Nc2 Ne4 27. Nd4 Bg6 28. Bc2 Nf6 29. Bb3 e5 30. Nf3 Re8 31. Ke2 Re7 32. Nh4 a6 33. Nf5 Bxf5 34. Rxf5 b5 35. h3 Kd6 36. Ke3 h6 37. g4 a5 38. g5 hxg5 39. Rxg5 g6 40. Rg1 Nd5+ 41. Kf3 e4+ 42. Ke2 Ke5 43. Rg5+ f5 44. Bxd5 Kxd5 45. Rxg6 f4 46. Rg5+ Kc4 47. Rg4 f3+ 48. Ke3 b4 49. cxb4 axb4 50. Rf4 b3 51. a3 Kd5 52. Rf5+ Kc4 53. Rf4 Kd5 54. h4 Re5 55. Rf8 Rh5 56. Rd8+ Kc4 57. Kxe4 f2 58. Rf8 Rxh4+ 59. Ke3 Rh2 60. a4 Kb4 61. Rf4+ Ka5 62. Rxf2 Rh3+ 63. Kd4 Kxa4 64. Kc4 Rh4+ 65. Kc5 Rh5+ 66. Kc4 Rh4+ 67. Kc5 Rh5+ 68. Kc4 Rh4+ 1/2-1/2


[Site "https://www.chess.com"]

[Event "Titled Tuesday Blitz March 14 Late 2023"]
[White "Gallegos Diaz, Carlos Alberto"]
[Black "Taboas Rodriguez, Daniel"]
[WhiteFideId "3900886"]
[BlackFideId "2208466"]
[WhiteElo "2362"]
[BlackElo "2365"]
[Result "0-1"]
[Round "04"]
[TimeControl "180+1"]
[Date "2023.03.14"]
[WhiteClock "0:00:15"]
[BlackClock "0:01:07"]

1. e4 e5 2. Nf3 Nc6 3. d3 Nf6 4. Be2 Bc5 5. O-O O-O 6. c3 d5 7. Nbd2 a5 8. Qc2 b6 9. h3 Re8 10. Re1 Ba6 11. Bf1 d4 12. c4 Qd6 13. a3 Reb8 14. Nh4 g6 15. Ndf3 b5 16. cxb5 Bxb5 17. Bg5 Nd7 18. Rec1 a4 19. Nd2 Na5 20. Rab1 Ba6 21. Qxa4 Bxd3 22. Bxd3 Nb3 23. Qc4 Nxc1 24. Qxc1 Bb6 25. Nc4 Qe6 26. b4 c5 27. b5 Ba5 28. Bd2 Bxd2 29. Qxd2 Nb6 30. Qc2 Nxc4 31. Bxc4 Qf6 32. Nf3 Rxa3 33. b6 Rc3 34. Qa4 Rxb6 35. Rxb6 Rc1+ 36. Kh2 Qf4+ 37. g3 Qxf3 38. Qe8+ Kg7 39. Qxe5+ Kh6 40. Rf6 Rh1# 0-1


[Site "https://www.chess.com"]

[Event "Titled Tuesday Blitz March 14 Late 2023"]
[White "Garcia Pantoja, Roberto"]
[Black "Biriukov, Ilja"]
[WhiteFideId "3509265"]
[BlackFideId "4113373"]
[WhiteElo "2544"]
[BlackElo "2426"]
[Result "1-0"]
[Round "04"]
[TimeControl "180+1"]
[Date "2023.03.14"]
[WhiteClock "0:01:57"]
[BlackClock "0:00:41"]

1. e4 c5 2. Nf3 d6 3. d4 cxd4 4. Nxd4 Nf6 5. Nc3 a6 6. Bg5 e6 7. f4 Be7 8. Qf3 Qc7 9. O-O-O Nbd7 10. Bd3 h6 11. Bh4 g5 12. e5 dxe5 13. Nxe6 fxe6 14. Bg6+ Kf8 15. fxg5 hxg5 16. Bxg5 Kg7 17. Qg3 Nf8 18. Bd3 Nh5 19. Qg4 Bxg5+ 20. Qxg5+ Kf7 21. Rhf1+ Ke8 22. Bg6+ 1-0


[Site "https://www.chess.com"]

[Event "Titled Tuesday Blitz March 14 Late 2023"]
[White "Gasparyan, David"]
[Black "Liu, Casper"]
[WhiteFideId "13311980"]
[BlackFideId "1454153"]
[WhiteElo "2517"]
[BlackElo "2221"]
[Result "0-1"]
[Round "04"]
[TimeControl "180+1"]
[Date "2023.03.14"]
[WhiteClock "0:00:06"]
[BlackClock "0:00:15"]

1. Nf3 Nc6 2. g3 d6 3. Bg2 Bd7 4. O-O Qc8 5. d4 Bh3 6. d5 Ne5 7. Nxe5 dxe5 8. e4 h5 9. Qf3 h4 10. Bxh3 Qxh3 11. Qg2 Qd7 12. f4 hxg3 13. hxg3 e6 14. Be3 Nf6 15. Qf3 exd5 16. fxe5 Ng4 17. Nd2 Nh2 18. Qf2 Nxf1 19. Rxf1 O-O-O 20. Qxf7 Qxf7 21. Rxf7 dxe4 22. Nxe4 Rd1+ 23. Kg2 Re1 24. Kf3 b6 25. e6 Rf1+ 26. Nf2 Bd6 27. Ke2 Rg1 28. Ne4 Rg2+ 29. Kd3 Bxg3 30. Rxg7 Rd8+ 31. Kc4 Rxc2+ 32. Kb3 Rg2 33. e7 Re8 34. Nxg3 a5 35. Bd4 Kd7 36. Bf6 Rf2 37. Ne4 Rf4 38. Nc3 Rxf6 39. Nd5 Rd6 40. Nf4 Rxe7 41. Rg3 Re4 42. Ng6 Rb4+ 43. Kc3 Kc6 44. Ne7+ Kb7 45. Nf5 Rc6+ 46. Kd3 Rxb2 47. Nd4 Rd6 48. Ke4 Rb4 49. Rd3 c5 50. Ke5 Rbxd4 51. Rg3 Kc6 52. Rg7 R4d5+ 53. Ke4 a4 54. Rg8 Rd4+ 55. Ke5 Kb5 56. Rg3 R6d5+ 57. Ke6 Rd3 58. Rg4 R5d4 59. Rg5 Kb4 60. Ke5 c4 61. Rg6 c3 62. Rxb6+ Ka3 63. Rb1 c2 64. Rc1 Kb2 65. Rf1 c1=Q 66. Rf2+ Qc2 0-1


[Site "https://www.chess.com"]

[Event "Titled Tuesday Blitz March 14 Late 2023"]
[White "Goltsev, Dmitry"]
[Black "Sreyas Payyappat"]
[WhiteFideId "24176710"]
[BlackFideId "46674969"]
[WhiteElo "2336"]
[BlackElo "2083"]
[Result "1-0"]
[Round "04"]
[TimeControl "180+1"]
[Date "2023.03.14"]
[WhiteClock "0:00:25"]
[BlackClock "0:00:14"]

1. e4 c6 2. d4 d5 3. Nc3 dxe4 4. Nxe4 Nf6 5. Qe2 Nxe4 6. Qxe4 Nd7 7. g3 Nf6 8. Qd3 g6 9. Bg2 Bg7 10. Ne2 O-O 11. O-O Bf5 12. Qb3 Qb6 13. c3 Be6 14. Qxb6 axb6 15. Nf4 Bxa2 16. Re1 e6 17. Bd2 Bc4 18. h4 Nd5 19. Nh3 b5 20. Ng5 b4 21. Ne4 bxc3 22. bxc3 b5 23. Nd6 Bd3 24. Nb7 b4 25. cxb4 Rab8 26. Na5 Bxd4 27. Rad1 Bb5 28. Bh6 Bg7 29. Bxg7 Kxg7 30. Rd4 Rfc8 31. Nb3 Ra8 32. Nc5 Ra2 33. Rc1 Rb2 34. Nb7 Rb8 35. Na5 Nxb4 36. Rd7 Nd3 37. Rc3 Nxf2 38. Rf3 Ng4 39. Rfxf7+ Kg8 40. Rg7+ Kf8 41. Rdf7+ Ke8 42. Be4 Rb1+ 43. Bxb1 Ne5 44. Re7+ Kf8 45. Rxh7 Kg8 46. Reg7+ Kf8 47. Rh8+ Kxg7 48. Rxb8 1-0


[Site "https://www.chess.com"]